 Dungeon Crawl Stone Soup version 0.22-a0-109-gbeb7240 (webtiles) character file.

36926 kibaces the Arsonist (level 13, -5/63 HPs)
             Began as a Deep Elf Fire Elementalist on Jan 26, 2018.
             Was a High Priest of Yredelemnul.
             Killed from afar by an electric eel (9 damage)
             ... with a bolt of electricity
             ... on level 4 of the Lair of Beasts.
             The game lasted 01:35:46 (27334 turns).

kibaces the Arsonist (Deep Elf Fire Elementalist)  Turns: 27334, Time: 01:35:46

Health: -5/63      AC: 10    Str:  5    XL:     13   Next: 55%
Magic:  27/31      EV: 20    Int: 26    God:    Yredelemnul [*****.]
Gold:   1172       SH:  0    Dex: 15    Spells: 26/37 levels left

rFire    + . .     SeeInvis .   y - +5 dagger (drain)
rCold    x . .     Gourm    .   (no shield)
rNeg     + . .     Faith    .   P - +1 robe {rN+}
rPois    .         Spirit   .   i - +1 hat
rElec    .         Reflect  .   B - scarf {repulsion}
rCorr    .         Harm     .   e - +0 pair of gloves
MR       ++...                  I - +1 pair of boots
Stlth    +.........             (no amulet)
HPRegen  0.20/turn              A - +3 ring of protection
MPRegen  0.22/turn              G - ring of fire

@: repel missiles, very slow
A: horns 1, blink, magic resistance 1, sense surroundings 1
a: Blink, Recall Undead Slaves, Injury Mirror, Animate Dead, Drain Life, Enslave
Soul, Renounce Religion


You were on level 4 of the Lair of Beasts.
You worshipped Yredelemnul.
Yredelemnul was extremely pleased with you.
You were not hungry.

You visited 3 branches of the dungeon, and saw 17 of its levels.

You collected 1619 gold pieces.
You spent 447 gold pieces at shops.

Inventory:

Hand Weapons
 y - a +5 dagger of draining (weapon)
Armour
 e - a +0 pair of gloves (worn)
 i - a +1 hat (worn)
 B - a scarf of repulsion (worn)
 I - a +1 pair of boots (worn)
 P - a +1 robe of positive energy (worn)
Jewellery
 A - a +3 ring of protection (left hand)
 F - an uncursed ring of flight
 G - a ring of fire (right hand)
 H - an uncursed ring of protection from magic
 K - a cursed ring of teleportation {unknown}
Wands
 f - a wand of flame (27)
 l - a wand of random effects (12)
 w - a wand of paralysis (17)
 C - a wand of digging (11)
 E - a wand of acid (5)
 J - a wand of scattershot (6)
 R - a wand of enslavement (7)
Scrolls
 h - 6 scrolls of teleportation
 m - 5 scrolls of remove curse
 n - 4 scrolls of magic mapping
 o - 4 scrolls of fog
 r - 2 scrolls of silence
 s - 3 scrolls of blinking
 t - 2 scrolls of immolation
 v - 2 scrolls of amnesia
 x - 2 scrolls of identify
 D - a scroll of brand weapon
 M - a scroll of fear
 O - 2 scrolls of enchant armour
Potions
 a - 3 potions of flight
 d - 2 potions of lignification
 g - 5 potions of mutation
 j - 2 potions of might
 k - 2 potions of brilliance
 p - 11 potions of curing
 q - 3 potions of cancellation
 u - 4 potions of agility
Books
 b - a book of Flames

   Spells                             Type                      Level
   a - Flame Tongue                   Conjuration/Fire             1
   b - Throw Flame                    Conjuration/Fire             2
   c - Conjure Flame                  Conjuration/Fire             3
   d - Inner Flame                    Hexes/Fire                   3
   e - Sticky Flame                   Conjuration/Fire             4
   f - Fireball                       Conjuration/Fire             5
 z - a book of Cantrips

   Spells                             Type                      Level
   a - Confusing Touch                Hexes                        1
   b - Animate Skeleton               Necromancy                   1
   c - Summon Small Mammal            Summoning                    1
   d - Apportation                    Translocation                1
 L - a book of Frost

   Spells                             Type                      Level
   a - Freeze                         Ice                          1
   b - Throw Frost                    Conjuration/Ice              2
   c - Ozocubu's Armour               Charms/Ice                   3
   d - Throw Icicle                   Conjuration/Ice              4
   e - Summon Ice Beast               Ice/Summoning                4
 N - a book of Misfortune

   Spells                             Type                      Level
   a - Confusing Touch                Hexes                        1
   b - Confuse                        Hexes                        3
   c - Gell's Gravitas                Translocation                3
   d - Petrify                        Transmutation/Earth          4
   e - Metabolic Englaciation         Hexes/Ice                    5
   f - Yara's Violent Unravelling     Hexes/Transmutation          5
 Q - a book of Maledictions

   Spells                             Type                      Level
   a - Corona                         Hexes                        1
   b - Ensorcelled Hibernation        Hexes/Ice                    2
   c - Confuse                        Hexes                        3
   d - Tukima's Dance                 Hexes                        3
   e - Dazzling Spray                 Conjuration/Hexes            3
Comestibles
 c - 37 rations
 S - a chunk of flesh


   Skills:
 + Level 11.6 Dodging
 - Level 2.4 Stealth
 + Level 12.7 Spellcasting
 * Level 14.4 Conjurations
 * Level 14.6 Fire Magic


You had 26 spell levels left.
You knew the following spells:

 Your Spells              Type           Power        Failure   Level  Hunger
a - Flame Tongue          Conj/Fire      #####        0%          1    None
b - Throw Flame           Conj/Fire      ######       0%          2    None
c - Conjure Flame         Conj/Fire      #######.     1%          3    None
d - Fireball              Conj/Fire      #######...   1%          5    ###....


Dungeon Overview and Level Annotations

Branches:
Dungeon (11/15)            Temple (0/1) D:5            Lair (4/6) D:11
  Swamp (0/4) Lair:4       Spider (0/4) Lair:3          Orc (2/2) D:11
    Elf (0/3) Orc:2

Altars:
Cheibriados
Elyvilon
Fedhas
Gozag
Kikubaaqudgha
Makhleb
Nemelex Xobeh
Okawaru
Qazlal
Sif Muna
Trog
Yredelemnul
The Shining One
Beogh

Shops:
D:4 *   D:11 %   Orc:2 (?*?


Innate Abilities, Weirdness & Mutations

You have a pair of small horns on your head.
You can translocate small distances at will.
You are resistant to hostile enchantments. (MR+)
You passively map a small area around you.


Message History

Your wraith drains the swamp worm's vigour!
The swamp worm seems to slow down.
The swamp worm bites your vampire.
Your wraith barely misses the swamp worm.
The swamp worm barely misses your vampire.
Your vampire closely misses the swamp worm.
Your vampire bites the swamp worm!
Your vampire draws strength from the swamp worm's injuries!
The swamp worm misses your vampire.
The electric eel shoots out a bolt of lightning at you!
The bolt of electricity hits you!
* * * LOW HITPOINT WARNING * * *
The swamp worm closely misses your vampire.
Your wraith hits the swamp worm! Your vampire hits the swamp worm.
Your vampire bites the swamp worm but does no damage.
Something bites your vampire!
The electric eel shoots out a bolt of lightning at you!
The bolt of electricity hits your vampire.
The bolt of electricity hits you!
You die...
Your body rises from the dead as a mindless zombie.

* ##### * * * * ##.#..##### ,
, ........... ..........< , ,
##......... , * * ...........
**, * ♣♣♣♣*♣♣♣♣♣♣♣♣♣♣♣♣.......
♣≈§≈≈♣≈@≈≈≈♣≈≈≈≈♣♣♣..... *
♣§§§..V♣.....♣.......... *
♣;§§.wWw.♣.♣...♣...♣.... ..
♣≈§§♣≈≈≈≈≈♣≈≈≈≈≈♣♣♣.....
#.##♣#♣♣♣♣♣♣♣♣♣♣♣♣♣♣♣♣♣.......
...#.#....♣♣♣♣♣♣♣♣............
#.............................
#.............................
#...................†.........


You could see a swamp worm, an electric eel, a friendly vampire (invisible) and
a friendly wraith.

Vanquished Creatures
  Gastronok (D:8)
  An orc warlord (Orc:2)
  Josephine (D:10)
  A hydra (D:10)
  4 two-headed ogres
  An orc high priest (Orc:2)
  2 orc knights (Orc:2)
  An ugly thing (D:11)
  A cyclops (D:11)
  A deep elf mage (D:10)
  3 orc sorcerers
  A black mamba (Lair:2)
  A gargoyle (D:9)
  4 spiny frogs
  A rime drake (Lair:2)
  2 polar bears (Lair:3)
  2 trolls
  6 blink frogs
  Prince Ribbit (D:6)
  3 hippogriffs
  Sigmund (D:4)
  A spriggan (D:11)
  5 wraiths
  15 yaks
  A vampire (Orc:2)
  3 wyverns
  6 wargs
  Duvessa (D:4)
  4 water moccasins
  33 orc warriors
  5 porcupines
  2 ice beasts (D:5)
  2 black bears
  2 phantoms
  3 ogres
  11 centaurs
  3 wolves (Lair:3)
  5 crocodiles
  2 big kobolds
  Blork the orc (D:8)
  A gnoll sergeant (D:9)
  21 bullfrogs
  Dowan (D:4)
  4 scorpions
  4 howler monkeys
  2 vampire bats (D:2)
  2 centaur zombies
  A crimson imp (D:5)
  A quasit (D:7)
  A bullfrog zombie (D:9)
  A jelly (D:6)
  33 orc priests
  A bullfrog skeleton (D:5)
  2 hounds
  An iguana (D:10)
  Jessica (D:2)
  5 centaur skeletons
  Ijyb (D:4)
  20 orc wizards
  6 worker ants
  A killer bee zombie (D:8)
  A howler monkey zombie (D:5)
  4 gnolls (D:3)
  16 adders
  A shadow imp (D:7)
  2 oozes
  2 adder skeletons
  3 worms
  3 dart slugs
  6 leopard geckos
  99 orcs
  4 bat skeletons (D:2)
  2 bat zombies (D:2)
  4 giant cockroaches
  6 goblins
  7 hobgoblins
  4 jackals
  16 kobolds
  3 quokkas
  5 ball pythons
  A ball python skeleton (D:2)
  8 bats
  5 frilled lizards
  A goblin skeleton (D:7)
  4 goblin zombies (D:7)
  A kobold skeleton (D:7)
  A kobold zombie (D:7)
  A leopard gecko skeleton (D:5)
  An orc skeleton (D:7)
  2 orc zombies
  A quokka skeleton (D:8)
  15 rats
  A spectral orc (D:4)
  A fungus (Lair:3)
  2 plants
487 creatures vanquished.

Vanquished Creatures (collateral kills)
  3 orc high priests (Orc:2)
  An orc knight (Orc:2)
  The ghost of logikai the Skirmisher, a novice OgBe of Trog (D:5)
  2 orc sorcerers
  5 spiny frogs
  A komodo dragon (Lair:1)
  A rime drake (Lair:3)
  2 trolls (Orc:2)
  A blink frog (Lair:4)
  3 hippogriffs
  A basilisk (Lair:3)
  A wyvern (Lair:3)
  2 wargs (Orc:2)
  A swamp worm (Lair:4)
  A water moccasin (Lair:1)
  13 orc warriors
  2 ogres (Orc:2)
  A wolf (Lair:3)
  A necrophage (D:10)
  A crocodile (Lair:3)
  A bullfrog (Lair:4)
  7 orc priests (Orc:2)
  27 orcs
  A plant (Lair:3)
80 creatures vanquished.

Vanquished Creatures (others)
  A phantasmal warrior (Orc:2)
  5 flying skulls
  2 warg zombies (D:11)
  A wight (Lair:1)
  A wolf zombie (Lair:3)
  2 mummies (D:11)
  A kobold zombie (D:10)
  3 orc zombies (D:11)
  A fungus (Lair:3)
  A plant (Lair:3)
18 creatures vanquished.

Grand Total: 585 creatures vanquished

Notes
Turn   | Place    | Note
-------+----------+-------------------------------------------
     0 | D:1      | kibaces the Deep Elf Fire Elementalist began the quest for the Orb.
     0 | D:1      | Reached XP level 1. HP: 10/10 MP: 6/6
   211 | D:1      | Reached XP level 2. HP: 15/15 MP: 5/8
  1008 | D:2      | Reached XP level 3. HP: 19/19 MP: 7/9
  1241 | D:2      | Learned a level 2 spell: Throw Flame
  1245 | D:2      | Learned a level 3 spell: Conjure Flame
  1548 | D:2      | Reached XP level 4. HP: 24/24 MP: 7/11
  1741 | D:2      | Reached XP level 5. HP: 28/28 MP: 4/12
  1798 | D:2      | Found an ancient bone altar of Kikubaaqudgha.
  1837 | D:2      | Noticed Jessica
  2360 | D:3      | Found a faded altar of an unknown god.
  2512 | D:3      | Reached skill level 5 in Fire Magic
  2943 | D:3      | Found a sparkling altar of Nemelex Xobeh.
  2957 | D:3      | Reached XP level 6. HP: 32/32 MP: 7/14
  3420 | D:3      | Learned a level 5 spell: Fireball
  3542 | D:2      | Killed Jessica
  3743 | D:4      | Noticed Ijyb
  3747 | D:4      | Killed Ijyb
  3810 | D:4      | Noticed Duvessa
  3845 | D:4      | Noticed Dowan
  3867 | D:4      | Killed Duvessa
  3969 | D:4      | Found Hidoobb's General Store.
  3973 | D:4      | Bought a scroll of identify for 20 gold pieces
  3973 | D:4      | Bought a potion of heal wounds for 50 gold pieces
  4145 | D:4      | Found a basalt altar of Yredelemnul.
  4169 | D:4      | Became a worshipper of Yredelemnul the Dark
  4208 | D:4      | Found an iron altar of Okawaru.
  4453 | D:4      | Noticed Sigmund
  4514 | D:4      | Gained mutation: You can translocate small distances at will. [potion of mutation]
  4514 | D:4      | Gained mutation: You are resistant to hostile enchantments. (MR+) [potion of mutation]
  4514 | D:4      | Gained mutation: You passively map a small area around you. [potion of mutation]
  4514 | D:4      | Gained mutation: You have a pair of small horns on your head. [potion of mutation]
  4558 | D:4      | Killed Sigmund
  4558 | D:4      | Reached skill level 5 in Spellcasting
  4558 | D:4      | Reached skill level 5 in Conjurations
  4558 | D:4      | Reached XP level 7. HP: 31/36 MP: 0/16
  4640 | D:4      | Killed Dowan
  5056 | D:5      | Entered Level 5 of the Dungeon
  5056 | D:5      | Noticed logikai's ghost (novice OgBe)
  5473 | D:5      | Reached skill level 5 in Dodging
  5473 | D:5      | Reached XP level 8. HP: 41/41 MP: 9/18
  5554 | D:5      | Found a burning altar of Makhleb.
  5899 | D:5      | Reached * piety under Yredelemnul
  6503 | D:5      | Found a staircase to the Ecumenical Temple.
  6839 | D:6      | Found a white marble altar of Elyvilon.
  6911 | D:6      | Found an opulent altar of Gozag.
  7079 | D:6      | Found a bloodstained altar of Trog.
  7682 | D:6      | Noticed Prince Ribbit
  7689 | D:6      | Killed Prince Ribbit
  7689 | D:6      | Reached XP level 9. HP: 45/45 MP: 14/21
  8075 | D:7      | Found a blossoming altar of Fedhas.
  8583 | D:7      | Found a glowing golden altar of the Shining One.
  9404 | D:8      | Reached ** piety under Yredelemnul
  9546 | D:8      | Noticed Gastronok
 10367 | D:8      | Noticed a two-headed ogre
 10495 | D:8      | Killed a two-headed ogre
 10613 | D:8      | Noticed Blork the orc
 10622 | D:8      | Killed Blork the orc
 10629 | D:8      | Found a deep blue altar of Sif Muna.
 10720 | D:8      | Reached XP level 10. HP: 50/50 MP: 14/24
 11015 | D:9      | Noticed a gargoyle
 11735 | D:9      | Reached skill level 10 in Fire Magic
 12497 | D:9      | Killed a gargoyle
 12497 | D:9      | Reached *** piety under Yredelemnul
 12674 | D:9      | Found a snail-covered altar of Cheibriados.
 12736 | D:9      | Found a stormy altar of Qazlal.
 12991 | D:10     | Entered Level 10 of the Dungeon
 13139 | D:10     | Reached skill level 10 in Conjurations
 13533 | D:10     | Noticed a five-headed hydra
 13601 | D:10     | Noticed a deep elf mage
 13608 | D:10     | Killed a deep elf mage
 13835 | D:10     | Killed a five-headed hydra
 13838 | D:10     | Noticed Josephine
 14147 | D:10     | Reached XP level 11. HP: 47/54 MP: 11/26
 14314 | D:10     | Killed Josephine
 14603 | D:10     | Received a gift from Yredelemnul (a mummy)
 15043 | D:11     | Found Feanu's Food Shop.
 15063 | D:11     | Noticed a brown ugly thing
 15087 | D:11     | Killed a brown ugly thing
 15087 | D:11     | Reached skill level 10 in Spellcasting
 15367 | D:11     | Found a staircase to the Lair.
 15371 | D:11     | Reached **** piety under Yredelemnul
 15505 | D:11     | Received a gift from Yredelemnul (a mummy)
 15674 | D:11     | Found a roughly hewn altar of Beogh.
 15678 | D:11     | Found a staircase to the Orcish Mines.
 16562 | Lair:1   | Entered Level 1 of the Lair of Beasts
 16571 | Lair:1   | Received a gift from Yredelemnul (a wight)
 17878 | Lair:2   | You fall through a shaft!
 18370 | Lair:2   | Reached XP level 12. HP: 59/59 MP: 22/28
 18376 | Lair:2   | Reached skill level 10 in Dodging
 19327 | Lair:2   | Received a gift from Yredelemnul (a mummy)
 20040 | D:8      | Killed Gastronok
 20310 | Orc:1    | Entered Level 1 of the Orcish Mines
 20310 | Orc:1    | Noticed a two-headed ogre
 20314 | Orc:1    | Killed a two-headed ogre
 20470 | Orc:1    | Received a gift from Yredelemnul (a vampire)
 20837 | Orc:1    | Found a roughly hewn altar of Beogh.
 20877 | Orc:2    | Entered Level 2 of the Orcish Mines
 20879 | Orc:2    | Received a gift from Yredelemnul (3 flying skulls)
 20906 | Orc:2    | Noticed a two-headed ogre
 20910 | Orc:2    | Killed a two-headed ogre
 20951 | Orc:2    | Reached ***** piety under Yredelemnul
 21455 | Orc:2    | Received a gift from Yredelemnul (a phantasmal warrior)
 21733 | Orc:2    | Found Vilol's Assorted Antiques.
 21744 | Orc:2    | Bought a scroll labeled DUNKOH KAAS for 28 gold pieces
 21744 | Orc:2    | Bought a scroll labeled DUGGOY EHOG for 28 gold pieces
 22070 | Orc:2    | Found a roughly hewn altar of Beogh.
 22133 | Orc:2    | Noticed a two-headed ogre
 22136 | Orc:2    | Killed a two-headed ogre
 22142 | Orc:2    | Received a gift from Yredelemnul (a vampire)
 22637 | Orc:2    | Found Lioch's Magic Scroll Shop.
 22642 | Orc:2    | Bought a scroll of identify for 30 gold pieces
 22642 | Orc:2    | Bought a scroll of identify for 30 gold pieces
 22642 | Orc:2    | Bought a scroll of magic mapping for 52 gold pieces
 22642 | Orc:2    | Bought a scroll of teleportation for 45 gold pieces
 22642 | Orc:2    | Bought a scroll of fear for 52 gold pieces
 22642 | Orc:2    | Bought a scroll of enchant armour for 112 gold pieces
 23124 | Orc:2    | Reached XP level 13. HP: 39/63 MP: 16/31
 23534 | Orc:2    | Found a staircase to the Elven Halls.
 23651 | Orc:2    | Noticed an orc warlord
 23658 | Orc:2    | Killed an orc warlord
 24327 | Orc:2    | Found a roughly hewn altar of Beogh.
 24338 | Orc:2    | Received a gift from Yredelemnul (3 flying skulls)
 24533 | Orc:2    | Found Efe Ozea's Weapon Boutique.
 24691 | Orc:2    | Found Zajeos's Magic Scroll Emporium.
 25283 | D:5      | Killed logikai's ghost
 25745 | Lair:3   | Received a gift from Yredelemnul (a wraith)
 26006 | Lair:3   | Found a hole to the Spider Nest.
 26969 | Lair:4   | Received a gift from Yredelemnul (a vampire)
 27322 | Lair:4   | Found a staircase to the Swamp.
 27334 | Lair:4   | Killed from afar by an electric eel

Vault maps used:
D:1:      matt_arrival_grand_opening, dk_noncrumbling_3, st_stairs_12,
          minmay_rat_gold_closets
D:2:      kennysheep_vampire_church, uniq_jessica
D:3:      nicolae_overflow_crystal_walls, chequers_ecumenical_altar_lobes
D:4:      yredelemnul_forgotten_temple_becter, old_standard_altar, serial_shops,
          shop, first_ration, uniq_ijyb, uniq_sigmund, uniq_duvessa
D:5:      wad_river_or_something, bloody_makhleb, temple_hall
D:6:      overflow_temple_1_default, lemuel_coloured_pillars_altar,
          nicolae_overflow_hidden_temple, uniq_prince_ribbit1
D:7:      lemuel_doored_altar, nicolae_tso_besieged_by_evil, serial_curves,
          eino_curves_03, eino_curves_02, eino_curves_02, eino_curves_03
D:8:      tgw_sif, uniq_gastronok
D:9:      old_standard_altar, marbit_many_paths, kennysheep_generic_room_5
D:10:     uniq_josephine
D:11:     erik_lair_orcish_takeover, david_orc_5, serial_shops,
          nicolae_shop_stone, the_bakery, minivault_1, minivault_16
Lair:1:   cheibrodos_lair_reptile_den
Lair:2:   st_stairs_11, grunt_megastairs_2
Lair:3:   spider_nest_entry_web_field, patterned_corridor, serial_bayou_shore_b,
          lemuel_fruit_tree
Lair:4:   nicolae_swamp_entry_splash_gauntlet, infiniplex_staircase_pool_2
Orc:1:    david_defended_altar_orc, uniq_snorg
Orc:2:    pubby_orc_utopia

Skill      XL: |  1  2  3  4  5  6  7  8  9 10 11 12 13 |
---------------+----------------------------------------+-----
Conjurations   | 2 3 5 7 9 10 12 13 14 | 14.4
Fire Magic     | 4 5 6 8 9 11 12 13 14 | 14.6
Dodging        | 3 4 5 6 7 8 9 11 | 11.6
Spellcasting   | 4 5 7 8 9 10 12 | 12.7
Stealth        | |  2.4

Action                   |  1- 3 |  4- 6 |  7- 9 | 10-12 | 13-15 || total
-------------------------+-------+-------+-------+-------+-------++-------
Melee: Dagger            |       |     2 |    24 |    26 |    35 ||    87
       Headbutt          |       |       |     2 |     3 |     7 ||    12
 Cast: Flame Tongue      |    74 |    91 |   232 |   107 |     9 ||   513
       Throw Flame       |     2 |    23 |    61 |   322 |   145 ||   553
       Conjure Flame     |       |     7 |     8 |     5 |       ||    20
       Fireball          |       |       |     1 |    89 |    32 ||   122
Invok: Animate Dead      |       |       |       |     3 |       ||     3
 Abil: Blink             |       |       |     1 |     4 |     1 ||     6
Evoke: Wand              |       |       |       |     7 |     2 ||     9
  Use: Scroll            |       |     5 |     4 |    23 |       ||    32
       Potion            |       |     4 |       |     5 |       ||     9
  Eat: Chunk             |     2 |     9 |    16 |    28 |     4 ||    59
       Ration            |       |       |     1 |     8 |     3 ||    12
Armor: Robe              |     2 |     8 |    24 |    23 |     5 ||    62
Dodge: Dodged            |    13 |    24 |    95 |   170 |    66 ||   368
       Deflected         |       |       |     7 |    12 |       ||    19

Table legend:
 A = Spawn XP
 B = Non-spawn XP
 C = Spawn XP percentage of total XP
 D = Spawn monster count
 E = Non-spawn monster count
 F = Spawn count percentage of total count
 G = Total turns spent on level
                    A         B        C        D         E        F      G
               +---------+---------+-------+---------+---------+-------+---------
         Total |       0 |   52752 |   0.0 |       0 |     561 |   0.0 | 27334
               +---------+---------+-------+---------+---------+-------+---------
           D:1 |       0 |      40 |   0.0 |       0 |      26 |   0.0 |  1007
           D:2 |       0 |     226 |   0.0 |       0 |      33 |   0.0 |  1092
           D:3 |       0 |     214 |   0.0 |       0 |      34 |   0.0 |  1568
           D:4 |       0 |     649 |   0.0 |       0 |      16 |   0.0 |  1643
           D:5 |       0 |    1323 |   0.0 |       0 |      23 |   0.0 |  1604
           D:6 |       0 |    1056 |   0.0 |       0 |      13 |   0.0 |  1549
           D:7 |       0 |     882 |   0.0 |       0 |      26 |   0.0 |  1687
           D:8 |       0 |    4169 |   0.0 |       0 |      26 |   0.0 |  1794
           D:9 |       0 |    2086 |   0.0 |       0 |      30 |   0.0 |  2196
          D:10 |       0 |    4708 |   0.0 |       0 |      21 |   0.0 |  1477
          D:11 |       0 |    4829 |   0.0 |       0 |      64 |   0.0 |  2123
        Lair:1 |       0 |    2589 |   0.0 |       0 |      16 |   0.0 |  1227
        Lair:2 |       0 |    3884 |   0.0 |       0 |      18 |   0.0 |  1906
        Lair:3 |       0 |    5570 |   0.0 |       0 |      29 |   0.0 |  1238
        Lair:4 |       0 |    2356 |   0.0 |       0 |      13 |   0.0 |   663
         Orc:1 |       0 |    3325 |   0.0 |       0 |      33 |   0.0 |   314
         Orc:2 |       0 |   14846 |   0.0 |       0 |     140 |   0.0 |  4246
               +---------+---------+-------+---------+---------+-------+---------
